 Dungeon Crawl Stone Soup version 0.24.0-123-gd5b16e6ec5 (webtiles) character file.

Game seed: 10739668053532334187, levelgen mode: deterministic

41248 McKennaii the Eclecticist (level 13, -2/100 HPs)
             Began as a Yellow Draconian Conjurer on Jan 26, 2020.
             Was a High Priest of Vehumet.
             Slain by Urug
             ... wielding a +7 great sword
              (13 damage)
             ... on level 4 of the Lair of Beasts.
             The game lasted 00:56:44 (26820 turns).

McKennaii the Eclecticist (DrCj)                   Turns: 26820, Time: 00:56:44

Health: -2/100     AC: 13    Str: 12    XL:     13   Next: 79%
Magic:  2/32       EV: 16    Int: 20    God:    Vehumet [*****.]
Gold:   853        SH:  0    Dex: 16    Spells: 37/43 levels left

rFire    + . .     SeeInvis +   J - +8 great mace "Globulus" {flame, rF+ Dex+5}
rCold    . . .     Gourm    .   (shield currently unavailable)
rNeg     . . .     Faith    .   (armour unavailable)
rPois    .         Spirit   .   (helmet restricted)
rElec    .         Reflect  .   o - +2 cloak
rCorr    +         Harm     .   I - +0 pair of gloves
MR       .....                  A - +0 pair of boots
Stlth    +++.......             d - amulet of the acrobat
HPRegen  0.26/turn              h - ring of wizardry
MPRegen  0.23/turn              S - ring of see invisible

@: short of breath
A: spit acid, unfitting armour, cold-blooded, acid resistance, AC +8
a: Breathe Acid, Renounce Religion


You were on level 4 of the Lair of Beasts.
You worshipped Vehumet.
Vehumet was extremely pleased with you.
You were very hungry.

You visited 3 branches of the dungeon, and saw 19 of its levels.
You also visited: Ossuary.

You collected 1033 gold pieces.
You spent 180 gold pieces at shops.

Inventory:

Hand Weapons
 J - the +8 great mace "Globulus" (weapon) {flame, rF+ Dex+5}
   (You took it off an orc priest on level 7 of the Dungeon)

   It has been specially enchanted to burn those struck by it, causing extra
   injury to most foes and up to half again as much damage against particularly
   susceptible opponents.
   It affects your dexterity (+5).
   It protects you from fire.
 L - the +6 falchion of the Extremes {venom, Str+3 Dex+5}
   (You found it on level 8 of the Dungeon)

   It poisons the flesh of those it strikes.
   It affects your strength (+3).
   It affects your dexterity (+5).
Armour
 n - a scarf of resistance
 o - a +2 cloak (worn)
 A - a +0 pair of boots (worn)
 I - a +0 pair of gloves (worn)
Jewellery
 d - an amulet of the acrobat (around neck)
 e - an uncursed ring of fire
 h - a ring of wizardry (left hand)
 S - a ring of see invisible (right hand)
Wands
 k - a wand of scattershot (7)
 v - a wand of flame (31)
 x - a wand of paralysis (13)
 y - a wand of enslavement (22)
 z - a wand of disintegration (35)
 M - a wand of random effects (17)
 N - a wand of acid (17)
 Q - a wand of polymorph (9)
 R - a wand of iceblast (6)
Scrolls
 a - a scroll of torment {unknown}
 f - 5 scrolls of identify
 l - 3 scrolls of magic mapping
 m - 9 scrolls of remove curse
 r - 6 scrolls of amnesia
 s - 2 scrolls of enchant weapon
 t - 2 scrolls of fear
 u - a scroll of immolation
 B - a scroll of summoning {unknown}
 C - a scroll of teleportation
 H - 4 scrolls of fog {unknown}
 K - a scroll of brand weapon {unknown}
 O - a scroll of acquirement {unknown}
Potions
 c - 15 potions of lignification
 i - 2 potions of might
 j - a potion of brilliance
 p - 4 potions of mutation
 q - 9 potions of curing
 w - a potion of agility
 D - a potion of cancellation
 E - a potion of invisibility {unknown}
 F - 2 potions of flight
 G - 2 potions of magic
Comestibles
 b - 22 rations


   Skills:
 + Level 5.3 Fighting
 + Level 6.0 Dodging
 + Level 4.8 Stealth
 * Level 15.5 Spellcasting
 + Level 12.3 Conjurations
 * Level 7.5 Fire Magic
 + Level 0.3 Evocations


You had 37 spell levels left.
You knew the following spells:

 Your Spells              Type           Power        Failure   Level  Hunger
a - Magic Dart            Conj           ####         1%          1    None
b - Flame Tongue          Conj/Fire      #####        1%          1    None
c - Iskenderun's Mystic   Conj           ######..     1%          4    None

Your spell library contained the following spells:

 Spells                   Type           Power        Failure   Level  Hunger
 Airstrike                Air            ###.......   4%          4    None
 Infusion                 Chrm           ###.         1%          1    None
 Searing Ray              Conj           ######       1%          2    None
 Dazzling Spray           Conj/Hex       #####.       1%          3    None
 Force Lance              Conj/Tloc      #####...     1%          4    None
 Fulminant Prism          Conj/Hex       #####.....   1%          4    None
 Shroud of Golubria       Chrm/Tloc      ###...       2%          2    None
 Song of Slaying          Chrm           ###.....     2%          2    None
 Regeneration             Chrm/Necr      ###.......   4%          3    None
 Spectral Weapon          Hex/Chrm       ###.....     4%          3    None


Dungeon Overview and Level Annotations

Branches:
Dungeon (14/15)            Temple (1/1) D:5            Lair (4/6) D:8
 Shoals (0/4) Lair:2          Orc (0/2) D:9          Vaults (0/5) D:14
Ossuary (visited)
  Snake: Lair:2-4    Spider: Lair:2-4

Altars:
Ashenzari
Cheibriados
Dithmenos
Elyvilon
Fedhas
Gozag
Hepliaklqana
Kikubaaqudgha
Makhleb
Nemelex Xobeh
Okawaru
Qazlal
Ru
Sif Muna
Trog
Uskayaw
Vehumet
Wu Jian
Xom
Yredelemnul
Zin
The Shining One

Shops:
D:9 ?*   D:11 (   D:13 (

Annotations:
D:9 2 transporters
Lair:4 Urug


Innate Abilities, Weirdness & Mutations

You can spit globs of acid.
Your golden yellow scales are hard. (AC +8)
You cannot fit into any form of body armour.
You are cold-blooded and may be slowed by cold attacks.
You are resistant to acid. (rCorr)


Message History

Okay, then.
Casting: Iskenderun's Mystic Blast (safe; 1% risk of failure)
Confirm with . or Enter, or press ? or * to list all spells.
Aiming: Iskenderun's Mystic Blast (safe; 1% risk of failure)
Press: ? - help, Shift-Dir - straight line, f/p - Urug
Aim: Urug, wielding a +7 great sword and wearing a +0 scale mail (heavily wounded)
The orb of energy misses Urug.
The orb of energy explodes!
Urug screams, "Damn your eyes!"
You sock Urug! You burn Urug.
Urug is severely wounded.
Urug barely misses you. Urug hits you with a +7 great sword!
* * * LOW HITPOINT WARNING * * *
You barely miss Urug. You tail-slap Urug, but do no damage.
Urug is severely wounded.
Urug closely misses you.
Okay, then.
You thump Urug! You burn Urug.
Urug is almost dead.
Urug hits you with a +7 great sword!
You die...

###........###
#............#..
##..............#
##.(......#####..
#.........#
##.(#.^.###
#....### ##..##
#@## #o# ...
..... .......
.........
P......$...
#P...........


You could see Urug.

Vanquished Creatures
  Fannar (D:11)
  A catoblepas (D:14)
  Harold (D:8)
  4 hydras
  Erica (D:8)
  6 two-headed ogres
  A centaur warrior (D:14)
  An ogre mage (D:14)
  2 tengu warriors
  4 skeletal warriors
  A wolf spider zombie (D:13)
  4 ugly things
  A deep elf mage (D:14)
  A manticore (D:9)
  2 cyclopes
  A guardian serpent (shapeshifter) (D:14)
  6 spiny frogs
  2 gargoyles
  2 centaur skeletons
  3 komodo dragons
  2 hornets
  3 trolls
  8 blink frogs
  4 hippogriffs
  15 flying skulls (D:12)
  A vampire (D:9)
  2 shadows (D:11)
  4 yaks (Lair:2)
  3 vampire mosquitoes (D:14)
  2 hungry ghosts
  14 soldier ants
  6 water moccasins
  5 porcupines
  5 sky beasts
  2 eyes of draining
  9 orc warriors
  6 phantoms
  11 ogres
  A necrophage (D:10)
  7 centaurs
  8 wolves
  8 crocodiles
  3 big kobolds
  14 bullfrogs
  13 scorpions
  12 killer bees
  5 wights (D:11)
  6 howler monkeys
  3 electric eels (D:8)
  3 crimson imps
  A bullfrog zombie (D:8)
  6 jellies
  13 orc wizards
  A quasit (D:7)
  3 centaur zombies
  12 orc priests
  12 hounds
  An iguana (D:7)
  15 worker ants
  A big kobold zombie (Ossuary)
  2 hound skeletons
  3 mummies (Ossuary)
  A howler monkey zombie (D:10)
  7 gnolls
  3 scorpion zombies (Ossuary)
  6 adders
  2 shadow imps (D:10)
  2 oozes
  An adder skeleton (D:9)
  3 worms
  A dart slug (D:1)
  2 leopard geckos
  54 orcs
  7 bats
  5 giant cockroaches
  13 goblins
  11 hobgoblins
  2 jackals (D:2)
  26 kobolds
  4 quokkas
  A ball python (D:4)
  8 frilled lizards
  2 gnoll zombies (Ossuary)
  A goblin zombie (Ossuary)
  A hobgoblin zombie (Ossuary)
  3 kobold zombies (Ossuary)
  2 orc zombies (Ossuary)
  A quokka zombie (D:9)
  7 rats
  3 bushes (Lair:3)
479 creatures vanquished.

Vanquished Creatures (others)
  A hound (D:8)
  A fungus (Lair:3)
  2 plants (D:11)
4 creatures vanquished.

Grand Total: 483 creatures vanquished

Notes
Turn   | Place    | Note
-------+----------+-------------------------------------------
     0 | D:1      | McKennaii the Draconian Conjurer began the quest for the
                  | Orb.
     0 | D:1      | Reached XP level 1. HP: 14/14 MP: 3/3
   282 | D:1      | Reached XP level 2. HP: 14/20 MP: 0/5
  1255 | D:2      | Reached XP level 3. HP: 23/26 MP: 2/6
  1669 | D:2      | Found a basalt altar of Yredelemnul.
  1729 | D:2      | Found a shadowy altar of Dithmenos.
  2313 | D:3      | Reached XP level 4. HP: 33/33 MP: 1/8
  2431 | D:3      | Reached skill level 3 in Spellcasting
  2431 | D:3      | Reached skill level 5 in Conjurations
  2705 | D:3      | Learned a level 4 spell: Iskenderun's Mystic Blast
  3165 | D:3      | Reached XP level 5. HP: 38/38 MP: 8/10
  3625 | D:4      | Noticed an ogre
  3632 | D:4      | Killed an ogre
  3632 | D:4      | Reached skill level 4 in Spellcasting
  3798 | D:4      | Noticed a phantom
  3886 | D:4      | Killed a phantom
  3886 | D:4      | Reached XP level 6. HP: 17/46 MP: 0/12
  4322 | D:4      | Reached skill level 5 in Spellcasting
  4473 | D:4      | Your scales start taking on a golden yellow colour.
  4473 | D:4      | Reached XP level 7. HP: 51/51 MP: 5/14
  4473 | D:4      | Gained mutation: You are resistant to acid. (rCorr) [Yellow
                  | Draconian growth]
  5029 | D:5      | Entered Level 5 of the Dungeon
  5666 | D:5      | Reached skill level 1 in Fighting
  5745 | D:5      | Reached skill level 6 in Spellcasting
  5959 | D:5      | Found a staircase to the Ecumenical Temple.
  5997 | Temple   | Entered the Ecumenical Temple
  6567 | D:6      | Reached XP level 8. HP: 45/59 MP: 5/17
  6812 | D:6      | Found a radiant altar of Vehumet.
  6821 | D:6      | Became a worshipper of Vehumet
  6895 | D:6      | Found a sand-covered staircase.
  6900 | Ossuary  | Entered an ossuary
  6914 | Ossuary  | Reached skill level 7 in Spellcasting
  7452 | Ossuary  | Reached * piety under Vehumet
  7452 | Ossuary  | Offered knowledge of Sting by Vehumet.
  8022 | D:6      | Reached skill level 8 in Spellcasting
  8439 | D:7      | Reached XP level 9. HP: 64/64 MP: 1/21
  9195 | D:7      | Offered knowledge of Flame Tongue by Vehumet.
  9280 | D:7      | Reached ** piety under Vehumet
  9283 | D:7      | Learned a level 1 spell: Flame Tongue
  9427 | D:7      | Identified the +8 great mace "Globulus" {flame, rF+ Dex+5}
  9739 | D:7      | Found an iron altar of Okawaru.
  9759 | D:7      | Reached skill level 9 in Spellcasting
  9952 | D:7      | Found a bloodstained altar of Trog.
 10064 | D:8      | Got a bloodstained falchion
 10112 | D:8      | Noticed a troll
 10291 | D:8      | Noticed a two-headed ogre
 10316 | D:8      | Reached skill level 1 in Fire Magic
 10335 | D:8      | Killed a two-headed ogre
 10816 | D:8      | Noticed Harold
 10827 | D:8      | Killed Harold
 10827 | D:8      | Reached skill level 10 in Spellcasting
 10827 | D:8      | Reached XP level 10. HP: 61/74 MP: 3/24
 10832 | D:8      | Noticed Erica
 10833 | D:8      | Noticed a two-headed ogre
 10950 | D:8      | Found a staircase to the Lair.
 11283 | D:8      | Found a burning altar of Makhleb.
 11286 | D:8      | Found a shimmering altar of Xom.
 11289 | D:8      | Found a stormy altar of Qazlal.
 11916 | D:8      | Killed a two-headed ogre
 11916 | D:8      | Offered knowledge of Ignite Poison by Vehumet.
 11981 | D:8      | Killed Erica
 12273 | D:9      | Reached skill level 11 in Spellcasting
 12334 | D:9      | Noticed a two-headed ogre
 12446 | D:9      | Found Zin's Purification Station.
 12459 | D:9      | Reached *** piety under Vehumet
 12652 | D:9      | Found a glowing silver altar of Zin.
 12792 | D:9      | Offered knowledge of Static Discharge by Vehumet.
 12962 | D:9      | Reached XP level 11. HP: 81/81 MP: 14/26
 12979 | D:9      | Killed a two-headed ogre
 13104 | D:9      | Noticed a red ugly thing
 13230 | D:9      | Found a hide-covered altar of Uskayaw.
 13260 | D:9      | Found an ornate altar of the Wu Jian Council.
 13280 | D:9      | Found a transporter.
 13294 | D:9      | Killed a red ugly thing
 13316 | D:9      | Reached skill level 10 in Conjurations
 13414 | D:9      | Found a staircase to the Orcish Mines.
 13502 | D:9      | HP: 3/82 [manticore (10)]
 13882 | D:9      | Identified the +6 falchion of the Extremes {venom, Str+3
                  | Dex+5} (You found it on level 8 of the Dungeon)
 13960 | D:9      | Noticed a quicksilver dragon
 13969 | D:9      | Found a transporter.
 14032 | D:9      | Found Fupeh's Magic Scroll Emporium.
 14037 | D:9      | Bought a scroll of teleportation for 36 gold pieces
 14037 | D:9      | Bought a scroll of identify for 24 gold pieces
 14037 | D:9      | Bought a scroll of identify for 24 gold pieces
 14037 | D:9      | Bought a scroll of random uselessness for 12 gold pieces
 14037 | D:9      | Bought a scroll of teleportation for 36 gold pieces
 14037 | D:9      | Bought a scroll of identify for 24 gold pieces
 14037 | D:9      | Bought a scroll of identify for 24 gold pieces
 14151 | D:9      | Found a shimmering blue altar of Sif Muna.
 14181 | D:9      | Noticed a fire giant
 14245 | D:10     | Entered Level 10 of the Dungeon
 14269 | D:10     | Reached **** piety under Vehumet
 14639 | D:10     | Offered knowledge of Conjure Flame by Vehumet.
 14658 | D:10     | Reached skill level 12 in Spellcasting
 15281 | D:10     | Noticed a tengu warrior
 15289 | D:10     | Killed a tengu warrior
 15289 | D:10     | Reached skill level 5 in Dodging
 15762 | D:11     | Noticed a five-headed hydra
 15774 | D:11     | Killed a five-headed hydra
 15774 | D:11     | Reached skill level 5 in Fire Magic
 16110 | D:11     | Noticed Fannar
 16119 | D:11     | HP: 2/82 [Fannar/refrigeration (19)]
 16121 | D:11     | Killed Fannar
 16816 | D:11     | Noticed a red ugly thing
 16822 | D:11     | Killed a red ugly thing
 17053 | D:11     | Found Qacs's Antique Weapon Shoppe.
 17091 | D:11     | You fall into a shaft and drop 3 floors!
 17093 | D:14     | Reached XP level 12. HP: 91/91 MP: 25/28
 17101 | D:14     | Noticed a two-headed ogre
 17110 | D:14     | Killed a two-headed ogre
 17217 | D:14     | Noticed a centaur warrior
 17223 | D:14     | Killed a centaur warrior
 17223 | D:14     | Reached skill level 13 in Spellcasting
 17567 | D:14     | Noticed a catoblepas
 17574 | D:14     | Killed a catoblepas
 17682 | D:14     | Noticed an ogre mage
 17689 | D:14     | Killed an ogre mage
 17845 | D:14     | Found a gate to the Vaults.
 17845 | D:14     | Noticed an ironheart preserver
 17921 | D:14     | Noticed a two-headed ogre
 17926 | D:14     | Killed a two-headed ogre
 18429 | D:13     | Reached ***** piety under Vehumet
 18429 | D:13     | Offered knowledge of Iskenderun's Battlesphere by Vehumet.
 18485 | D:13     | Noticed a tengu warrior
 18679 | D:14     | Noticed a two-headed ogre
 18684 | D:14     | Killed a two-headed ogre
 18684 | D:14     | Reached skill level 14 in Spellcasting
 19072 | D:14     | Found a radiant altar of Vehumet.
 19259 | D:13     | Found Oqyon's Antique Weapon Shoppe.
 19285 | D:12     | Noticed a six-headed hydra
 19293 | D:12     | Killed a six-headed hydra
 20327 | D:12     | Reached XP level 13. HP: 34/99 MP: 10/31
 21104 | D:12     | Found the +3 giant club "Skullcrusher" {speed, Str+7}
 21724 | D:13     | Reached skill level 5 in Fighting
 22032 | D:13     | Noticed an entropy weaver
 22785 | D:13     | Noticed an entropy weaver
 22801 | D:13     | HP: 3/100 [entropy weaver (12)]
 23417 | Lair:1   | Entered Level 1 of the Lair of Beasts
 23786 | Lair:1   | Found the +3 warlock's mirror {reflect}
 24534 | Lair:2   | Reached skill level 15 in Spellcasting
 24839 | Lair:2   | Found a staircase to the Shoals.
 26807 | Lair:4   | Noticed Urug
 26814 | Lair:4   | Offered knowledge of Airstrike by Vehumet.
 26820 | Lair:4   | Slain by Urug

Levels and vault maps discovered:
D:1:      giann_horns, layout_loops_corners, st_stairs_2,
          kennysheep_pointless_box
D:2:      minmay_angry_zag, layout_rooms, yredelemnul_altar_generic,
          nicolae_dithmenos_through_a_glass_darkly
D:3:      corexii_shack_village, layout_basic, first_ration
D:4:      layout_basic
D:5:      layout_cave_pods, minmay_temple_entry_gardened_gates
D:6:      layout_cave_pools, vehumet_altar_wand_db, enter_ossuary_5
D:7:      layout_basic, nicolae_overflow_hidden_temple, bloody_trog
D:8:      layout_loops_corners, grunt_temple_overflow_diamond, erik_lair_island,
          uniq_harold, uniq_erica
D:9:      layout_cave_pools, tgw_sif, gammafunk_temple_overflow_arena,
          zin_purify, orc_0_dummy, basic_altar, serial_shops, shop,
          minivault_20, hangedman_minor_gate_pass
D:10:     layout_cross, grunt_tengu_nest, nicolae_benzene_ring
D:11:     layout_stronghold, serial_shops, nicolae_shop_overgrown_old_shop,
          uniq_fannar
D:12:     layout_roguey, minmay_guarded_unrand_skullcrusher
D:13:     layout_basic, serial_shops, nicolae_shop_trees, nicolae_shop_stone,
          zaba_antful_of_joy
D:14:     layout_long_grid, skrybe_vaults_entry_preservation,
          lemuel_coloured_pillars_altar
Temple:   minmay_temple_curvy_loop
Lair:1:   layout_roguey, eino_small_chamber_without_monster, grunt_megastairs_4
Lair:2:   layout_regular_city, elwin_shoals_entry_rocks, serial_forest,
          infiniplex_forest_lined_room_2, infiniplex_forest_clump_small,
          infiniplex_forest_lined_room_2, infiniplex_forest_straight_5,
          infiniplex_forest_lined_3, infiniplex_forest_join,
          infiniplex_forest_clump_diagonal
Lair:3:   layout_long_grid, minmay_hedge_maze, infiniplex_staircase_pool_2
Lair:4:   layout_roguey, dummy_spider_entry, ebering_ghost_inner_flame,
          beast_lair_carwin_7, infiniplex_staircase_pool, uniq_urug

Skill      XL: |  1  2  3  4  5  6  7  8  9 10 11 12 13 |
---------------+----------------------------------------+-----
Stealth        | 2 3 4 |  4.8
Dodging        | 2 3 4 5 6 |  6.0
Spellcasting   | 3 4 5 6 8 10 11 12 14 15 | 15.5
Conjurations   | 5 6 7 8 9 10 11 12 | 12.3
Fighting       | 1 2 3 4 5 |  5.3
Fire Magic     | 2 3 5 6 7 |  7.5
Evocations     | |  0.3

Action                   |  1- 3 |  4- 6 |  7- 9 | 10-12 | 13-15 || total
-------------------------+-------+-------+-------+-------+-------++-------
Melee: Unarmed           |    34 |    24 |    63 |       |       ||   121
       Tailslap          |     4 |     4 |     9 |    25 |    22 ||    64
       Great mace        |       |       |     3 |   180 |    94 ||   277
 Cast: Magic Dart        |    97 |   134 |   363 |   185 |    13 ||   792
       Iskenderun's Myst |       |       |    54 |   264 |   233 ||   551
       Flame Tongue      |       |       |     4 |       |       ||     4
 Abil: Breathe Acid      |       |       |    13 |    32 |    17 ||    62
Evoke: Wand              |       |       |     1 |       |    11 ||    12
  Use: Scroll            |     3 |     8 |     2 |    16 |     9 ||    38
       Potion            |       |       |       |     1 |     3 ||     4
 Stab: Distracted        |       |       |       |     1 |       ||     1
  Eat: Chunk             |     5 |     7 |    18 |    24 |    16 ||    70
       Ration            |       |       |     3 |     4 |     2 ||     9
Armor: Skin              |    15 |     9 |    62 |   143 |    38 ||   267
Dodge: Dodged            |    42 |    28 |   121 |   319 |   124 ||   634
